 Dungeon Crawl Stone Soup version 0.29-a0-841-g116ddc6ace (webtiles) character file.

Game seed: 12911545655846065318

1340 avis the Chiller (level 8, -12/66 HPs)
             Began as a Demigod Ice Elementalist on July 15, 2022.
             Killed from afar by a steam dragon (19 damage)
             ... with a ball of steam
             ... on level 6 of the Dungeon.
             The game lasted 00:32:40 (5974 turns).

avis the Chiller (Demigod Ice Elementalist)         Turns: 5974, Time: 00:32:41

Health: -12/66     AC: 14    Str:  9    XL:     8   Next: 13%
Magic:  18/19      EV: 16    Int: 17    God:
Gold:   385        SH:  0    Dex: 22    Spells: 10/17 levels left

rFire   x . .      SeeInvis .   a - +7 Spriggan's Knife {stab, EV+4 Stlth+}
rCold   + . .      Faith    .   (no shield)
rNeg    . . .      Spirit   .   H - +0 swamp dragon scales
rPois   +          Reflect  .   F - +0 helmet
rElec   .          Harm     .   A - +0 cloak
rCorr   .          Rampage  .   (no gloves)
Will    .....                   n - +0 pair of boots
Stlth   +++.......              (no amulet)
HPRegen 0.21/turn               f - +4 ring of protection
MPRegen 0.16/turn               k - ring of ice

@: no status effects
A: high MP 1, forlorn, divine attributes
a: no special abilities


You were on level 6 of the Dungeon.
You visited 2 branches of the dungeon, and saw 7 of its levels.

You collected 385 gold pieces.

Inventory:

Hand Weapons
 a - the +7 Spriggan's Knife (weapon) {stab, EV+4 Stlth+}
   (You found it on level 4 of the Dungeon)

   It is more effective when stabbing unaware enemies, sometimes treating them
   as though they were completely helpless.
   EV:        It affects your evasion (+4).
   Stlth:     It makes you more stealthy.
 d - a +3 war axe
 G - a +2 war axe of flaming
Armour
 n - a +0 pair of boots (worn)
 r - a +0 robe
 A - a +0 cloak (worn)
 C - a +0 ring mail of willpower
 F - a +0 helmet (worn)
 H - +0 swamp dragon scales (worn)
Jewellery
 f - a +4 ring of protection (left hand)
 k - a ring of ice (right hand)
Wands
 D - a wand of polymorph (6)
Scrolls
 h - a scroll of identify
 l - a scroll of brand weapon {unknown}
 m - 2 scrolls of poison {unknown}
 q - 2 scrolls of vulnerability {unknown}
 s - a scroll of silence {unknown}
 t - a scroll of noise {unknown}
 u - a scroll of summoning {unknown}
 w - 3 scrolls of fog {unknown}
 x - a scroll of amnesia {unknown}
 y - 2 scrolls of magic mapping {unknown}
 E - a scroll of teleportation {unknown}
Potions
 b - a potion of magic
 c - 2 potions of heal wounds {unknown}
 e - 4 potions of haste
 g - 4 potions of brilliance
 i - 3 potions of curing
 j - 4 potions of ambrosia {unknown}
 o - a potion of cancellation {unknown}
 p - 4 potions of lignification
 v - a potion of might {unknown}
 z - a potion of flight {unknown}
 B - a potion of mutation {unknown}


   Skills:
 - Level 4.0 Fighting
 - Level 4.0 Dodging
 - Level 1.7 Stealth
 - Level 5.0 Spellcasting
 * Level 6.6 Ice Magic


You had 10 spell levels left.
You knew the following spells:

 Your Spells              Type           Power      Damage    Failure   Level
a - Freeze                Ice            100%       1d11      2%          1
o - Ozocubu's Armour      Ice            40%        N/A       8%          3
r - Frozen Ramparts       Ice            80%        1d10      8%          3

Your spell library contained the following spells:

 Spells                   Type           Power      Damage    Failure   Level
 Hailstorm                Conj/Ice       23%        3d7       71%         4


Dungeon Overview and Level Annotations

Branches:
Dungeon (6/15)             Temple (1/1) D:4

Annotations:
D:4 exclusion: statue


Innate Abilities, Weirdness & Mutations

You have an increased reservoir of magic. (+10% MP)
You shall have no god before yourself.
Your divine heritage dramatically boosts your attributes as you level up.


Message History

The steam dragon claws you but does no damage.
The heat melts your icy armour.
You closely miss the steam dragon.
The steam dragon is severely wounded.
You are engulfed in a cloud of scalding steam.
The steam dragon completely misses you. The steam dragon claws you.
The heat melts your icy armour.
You hit the steam dragon.
The steam dragon is severely wounded.
You are engulfed in a cloud of scalding steam.
The steam dragon closely misses you.
The steam dragon claws you but does no damage.
The heat melts your icy armour.
You hit the steam dragon.
The steam dragon is severely wounded.
The steam dragon breathes steam at you. The ball of steam misses you.
You hit the steam dragon.
The steam dragon is almost dead.
You are engulfed in a cloud of scalding steam.
The steam dragon barely misses you.
The steam dragon claws you but does no damage.
The heat melts your icy armour.
You closely miss the steam dragon.
The steam dragon is almost dead.
You are engulfed in a cloud of scalding steam.
Your icy armour melts away.
The steam dragon closely misses you. The steam dragon completely misses you.
You barely miss the steam dragon.
The steam dragon is almost dead.
You are engulfed in a cloud of scalding steam.
* * * LOW HITPOINT WARNING * * *
The steam dragon bites you but does no damage.
The steam dragon claws you but does no damage.
You hit the steam dragon.
You kill the steam dragon!
A steam dragon comes into view.
The steam dragon breathes steam at you. The ball of steam hits you!!
The steam scalds you terribly!
You die...

#....≈#
#.....#
##...## ##D##
.
######...#....
#...........#
#.#.§...###.#
#.#§###.# #
#.#@# #.#
#.#.# #.#
#.#÷# #.#
#.#.# .#
#.#.###.#
#..<# #.###
###


There were no monsters in sight!

Vanquished Creatures
  Maggie (D:6)
  A steam dragon (D:6)
  2 phantoms (D:5)
  A necrophage (D:5)
  Blork the orc (D:4)
  A scorpion (D:5)
  A howler monkey (D:4)
  5 hounds
  3 jellies (D:5)
  An orc priest (D:5)
  3 iguanas
  3 gnolls
  5 adders
  A shadow imp (D:5)
  A white imp (D:5)
  2 worms (D:2)
  3 dart slugs
  10 orcs
  17 ball pythons
  8 bats
  8 endoplasms
  4 giant cockroaches
  10 hobgoblins
  4 jackals (D:2)
  8 kobolds
  2 frilled lizards
  8 goblins
  5 rats
119 creatures vanquished.

Notes
Turn   | Place    | Note
-------+----------+-------------------------------------------
     0 | D:1      | avis the Demigod Ice Elementalist began the quest for the
                  | Orb.
     0 | D:1      | Reached XP level 1. HP: 14/14 MP: 5/5
    48 | D:1      | Reached skill level 1 in Fighting
   256 | D:1      | Reached XP level 2. HP: 18/23 MP: 2/7
   416 | D:1      | Reached skill level 4 in Ice Magic
   655 | D:1      | Reached XP level 3. HP: 28/28 MP: 5/8
   659 | D:1      | Learned a level 3 spell: Ozocubu's Armour
  2287 | D:3      | Reached XP level 4. HP: 36/36 MP: 8/10
  2555 | D:3      | Learned a level 3 spell: Frozen Ramparts
  3165 | D:4      | Found a staircase to the Ecumenical Temple.
  3455 | D:4      | Reached XP level 5. HP: 41/41 MP: 5/12
  3543 | D:3      | Reached skill level 5 in Ice Magic
  4288 | D:4      | Noticed Blork the orc
  4303 | D:4      | Killed Blork the orc
  4304 | D:4      | Reached XP level 6. HP: 51/51 MP: 4/13
  4472 | D:4      | Found the +7 Spriggan's Knife {stab, EV+4 Stlth+}
  4696 | Temple   | Entered the Ecumenical Temple
  4719 | D:5      | Entered Level 5 of the Dungeon
  4922 | D:5      | Reached XP level 7. HP: 51/57 MP: 11/16
  5048 | D:5      | Reached skill level 6 in Ice Magic
  5714 | D:6      | Noticed Maggie
  5724 | D:6      | Killed Maggie
  5725 | D:6      | Reached skill level 5 in Spellcasting
  5725 | D:6      | Reached XP level 8. HP: 52/66 MP: 12/19
  5974 | D:6      | Killed from afar by a steam dragon

Illustrated notes

Levels and vault maps discovered:
D:1:      nicolae_arrival_memento_mori, layout_basic,
          nicolae_ecumenical_snake_handling, minmay_pentomino_r4
D:2:      layout_basic, dk_vineyard_3
D:3:      layout_basic, mainiacjoe_overflow_alcove_4, fedhas_altar_2,
          hex_medium, kennysheep_generic_room_14
D:4:      layout_cave_pools, vehumet_statue, mainiacjoe_overflow_catwalk,
          minmay_temple_entry_mist, saegor_snake_ambush, uniq_blork_the_orc
D:5:      layout_loops_ring, nicolae_overflow_hidden_temple
D:6:      cheibrodos_steamvent, layout_basic, kiku_gazebo_pond_becter,
          ebering_ghost_sewer_f, uniq_maggie
Temple:   nicolae_temple_superstar

Skill      XL: |  1  2  3  4  5  6  7 |
---------------+----------------------+-----
Fighting       | 1 2 3 4 |  4.0
Spellcasting   | 2 3 4 5 |  5.0
Ice Magic      | 4 5 6 |  6.6
Dodging        | 2 3 4 |  4.0
Stealth        | |  1.7

Action                   |  1- 3 |  4- 6 |  7- 9 || total
-------------------------+-------+-------+-------++-------
Melee: Short sword       |    33 |       |       ||    33
       Rapier            |       |    38 |       ||    38
       Knife             |       |    18 |    55 ||    73
       Punch             |       |       |     3 ||     3
Throw: Boomerang         |       |     2 |       ||     2
 Cast: Freeze            |    72 |    25 |     6 ||   103
       Ozocubu's Armour  |     1 |    14 |     7 ||    22
       Frozen Ramparts   |       |    15 |     2 ||    17
  Use: Scroll            |       |     4 |       ||     4
 Stab: Sleeping          |     7 |     4 |     5 ||    16
Armor: Robe              |    26 |    30 |     9 ||    65
       Swamp dragon scal |       |       |    11 ||    11
Dodge: Dodged            |    64 |    60 |    44 ||   168

Table legend: (Time is in decaauts)
 A = Elapsed time spent in this place.
 B = Non-inter-level travel time spent in this place.
 C = Inter-level travel time spent in this place.
 D = Time resting spent in this place.
 E = Time spent auto-exploring this place.
 F = Levels seen in this place.
 G = Mean time per level.
                   A        B        C        D        E       F      G
               +--------+--------+--------+--------+--------+-----+--------+
         Total |   6008 |   5547 |    461 |   1808 |   2378 |   7 |  858.3 |
       Dungeon |   5998 |   5537 |    461 |   1808 |   2378 |   6 |  999.7 |
        Temple |     10 |     10 |      0 |      0 |      0 |   1 |   10.0 |
               +--------+--------+--------+--------+--------+-----+--------+

Top non-repeatable levels by time:
     D:3: 1303 daAuts
     D:4: 1219 daAuts
     D:2: 1189 daAuts
     D:1: 1066 daAuts
     D:5: 958 daAuts
     D:6: 260 daAuts
  Temple: 10 daAuts
